 Dungeon Crawl Stone Soup version 0.24-a0-487-g57318f2 (webtiles) character file.

Game seed: 4943775448178805107

75 silentkaos13 the Charmwright (level 4, 0/34 HPs)
             Began as a Demonspawn Skald on July 11, 2019.
             Succumbed to an adder's poison
             ... on level 3 of the Dungeon.
             The game lasted 00:06:48 (3064 turns).

silentkaos13 the Charmwright (Demonspawn Skald)     Turns: 3064, Time: 00:06:48

Health: 0/34       AC:  3    Str: 12      XL:     4   Next: 11%
Magic:  7/7        EV: 11    Int: 13 (14) God:
Gold:   169        SH:  0    Dex: 10 (13) Spells: 4/7 levels left

rFire    . . .     SeeInvis .   a - +0 short sword
rCold    . . .     Gourm    .   (no shield)
rNeg     . . .     Faith    .   b - +0 leather armour
rPois    .         Spirit   .   (no helmet)
rElec    .         Reflect  .   (no cloak)
rCorr    .         Harm     .   (no gloves)
MR       .....                  (no boots)
Stlth    +.........             (no amulet)
HPRegen  0.11/turn              (no ring)
MPRegen  0.10/turn              (no ring)

@: lethally poisoned (0 -> -3)
A: powered by death 1
a: no special abilities


You were on level 3 of the Dungeon.
You were very hungry.

You visited 1 branch of the dungeon, and saw 3 of its levels.

You collected 169 gold pieces.

Inventory:

Hand Weapons
 a - a +0 short sword (weapon)
 n - a +1 short sword of freezing
Armour
 b - a +0 leather armour (worn)
 g - a +0 ring mail
 i - a +0 pair of gloves
 j - a +0 pair of boots
Scrolls
 c - 2 scrolls of identify {unknown}
 e - a scroll of fear
Potions
 h - a potion of resistance
Comestibles
 d - 3 rations


   Skills:
 + Level 2.5 Fighting
 + Level 2.2 Short Blades
 + Level 1.7 Armour
 + Level 1.9 Dodging
 * Level 1.2 Stealth
 + Level 2.1 Spellcasting
 + Level 3.2 Charms


You had 4 spell levels left.
You knew the following spells:

 Your Spells              Type           Power        Failure   Level  Hunger
a - Infusion              Chrm           #...         9%          1    ##.....
b - Song of Slaying       Chrm           #.......     13%         2    ###....

Your spell library contained the following spells:

 Spells                   Type           Power        Failure   Level  Hunger
 Shroud of Golubria       Chrm/Tloc      #.....       26%         2    ###....
 Regeneration             Chrm/Necr      #.........   45%         3    ####...
 Spectral Weapon          Hex/Chrm       #.......     45%         3    ####...


Dungeon Overview and Level Annotations

Branches:
Dungeon (3/15)

Altars:


Innate Abilities, Weirdness & Mutations

You regenerate a little health from kills.


Message History

The adder is almost dead.
* * * LOW HITPOINT WARNING * * *
You feel sick. The adder bites you.
* * * LOW HITPOINT WARNING * * *
You hit the adder.
You kill the adder!
You have reached level 4!
You feel stronger.
You closely miss the giant cockroach.
Your song has ended.
The giant cockroach barely misses you.
The giant cockroach bites you but does no damage.
You closely miss the giant cockroach.
* * * LOW HITPOINT WARNING * * *
You feel sick. The giant cockroach barely misses you.
You hit the giant cockroach but do no damage.
The giant cockroach misses you.
You hit the giant cockroach.
The giant cockroach is heavily wounded.
You die...

#............#
#.......####.#
#.......# #<#
#.......###### #######
#.####........ #......
#.####.#####.# #......
#...##.#...#
#.....s####.##....####
+....swss@............
#.....s###############
#...... #......
#...... #######


You could see a worm and 5 giant cockroaches.

Vanquished Creatures
  4 adders
  2 dart slugs (D:1)
  A leopard gecko (D:1)
  A ball python (D:1)
  A giant cockroach (D:1)
  2 goblins
  7 hobgoblins
  4 jackals (D:2)
  2 kobolds
  4 bats
  A frilled lizard (D:1)
  5 rats
34 creatures vanquished.

Notes
Turn   | Place    | Note
-------+----------+-------------------------------------------
     0 | D:1      | silentkaos13 the Demonspawn Skald began the quest for the
                  | Orb.
     0 | D:1      | Reached XP level 1. HP: 16/16 MP: 3/3
   380 | D:1      | Reached skill level 3 in Charms
   386 | D:1      | Gained mutation: You regenerate a little health from kills.
                  | [demonic ancestry]
   386 | D:1      | Reached XP level 2. HP: 14/22 MP: 5/5
   679 | D:1      | Reached skill level 1 in Armour
  1323 | D:2      | Reached XP level 3. HP: 27/27 MP: 6/6
  1397 | D:2      | Reached skill level 1 in Stealth
  1432 | D:2      | HP: 1/27 [poisoned by an adder]
  1671 | D:2      | Learned a level 2 spell: Song of Slaying
  3059 | D:3      | HP: 1/28 [adder (2)]
  3060 | D:3      | Reached XP level 4. HP: 2/34 MP: 7/7
  3064 | D:3      | Succumbed to an adder's poison

Levels and vault maps discovered:
D:1:      eino_arrival_water_cross, layout_basic
D:2:      layout_basic, first_ration
D:3:      minmay_roachtagon, layout_basic, small_statue_intersection

Skill      XL: |  1  2  3 |
---------------+----------+-----
Short Blades   | 2 |  2.2
Charms         | 3 |  3.2
Armour         | 1 |  1.7
Stealth        | 1 |  1.2
Fighting       | |  2.5
Dodging        | |  1.9
Spellcasting   | |  2.1

Action                   |  1- 3 |  4- 6 || total
-------------------------+-------+-------++-------
Melee: Short sword       |   167 |     4 ||   171
 Cast: Infusion          |     5 |       ||     5
       Song of Slaying   |     1 |       ||     1
  Use: Scroll            |     5 |       ||     5
       Potion            |     5 |       ||     5
  Eat: Chunk             |     2 |       ||     2
       Ration            |     1 |       ||     1
Armor: Leather armour    |    45 |     1 ||    46
Dodge: Dodged            |   116 |     3 ||   119

Table legend:
 A = Non-vault XP
 B = Vault XP
 C = Vault XP percentage of total XP
 D = Non-vault monster count
 E = Vault monster count
 F = Vault count percentage of total count
                 A         B        C        D         E       F
            +---------+---------+-------+---------+---------+-------
      Total |     108 |       0 |   0.0 |      34 |       0 |   0.0
            +---------+---------+-------+---------+---------+-------
        D:1 |      38 |       0 |   0.0 |      20 |       0 |   0.0
        D:2 |      57 |       0 |   0.0 |      13 |       0 |   0.0
        D:3 |      13 |       0 |   0.0 |       1 |       0 |   0.0
            +---------+---------+-------+---------+---------+-------
